Map: Troizinia LE

Players

XOPOVREK

  • Race: Protoss Protoss
  • Spawn Location: 3:00

JaySlays

  • Race: Protoss Protoss
  • Spawn Location: 6:00

Wolf

  • Race: Protoss Protoss
  • League: Diamond
  • Spawn Location: 5:00

NateDog

  • Race: Zerg Zerg
  • League: Gold
  • Spawn Location: 5:00

SpamNRice

  • Race: Protoss Protoss
  • League: Gold
  • Spawn Location: 12:00

MooCow

  • Race: Protoss Protoss
  • Spawn Location: 9:00

TITAN

  • Race: Terran Terran
  • Spawn Location: 11:00

Kanibal

  • Race: Protoss Protoss
  • Spawn Location: 11:00

VOD

Have the link to the VOD?

Description

Time

  • Played on: April 16, 2018, 10:42 p.m.
  • Length: 9:02
Show
View Real Time Build Order
Export as new Build Order

XOPOVREK Protoss 

Build Orders: Cannon Rush 

Get SALT Encoding   

  12  0:07  Probe (Chrono Boost)  
  13  0:17  Probe (Chrono Boost)  
  13  0:19  Pylon  
  14  0:31  Probe  
  15  0:38  Forge  
  15  0:49  Probe  
  16  0:59  Pylon  
  16  1:08  Pylon  
  16  1:20  Photon Cannon  
  16  1:40  Photon Cannon  
  16  1:44  Photon Cannon  
  16  1:56  Pylon  
  16  2:18  Photon Cannon  
  16  2:19  Photon Cannon  
  16  2:21  Photon Cannon  
  16  2:29  Pylon  
  16  2:42  Pylon  
  16  3:11  Pylon  
  16  3:29  Pylon  
  16  3:48  Photon Cannon  
  16  3:50  Photon Cannon  
  16  3:52  Photon Cannon  
  16  3:56  Nexus  
  9  5:10  Probe (Chrono Boost)  
  10  5:20  Probe (Chrono Boost)  
  11  5:25  Probe (Chrono Boost)  
  11  5:26  Pylon  
  10  5:35  Pylon  
  10  5:45  Photon Cannon  
  10  5:48  Photon Cannon  
  7  7:16  Probe (Chrono Boost)  
  8  7:35  Nexus  
  8  7:46  Probe (Chrono Boost)  
  9  8:49  Probe (Chrono Boost)  
Show
View Real Time Build Order
Export as new Build Order

JaySlays Protoss 

Build Orders:  

Get SALT Encoding   

  12  0:01  Probe  
  13  0:13  Probe  
  14  0:19  Pylon  
  14  0:25  Probe  
  15  0:37  Probe  
  15  0:40  Gateway  
  16  0:46  Assimilator  
  16  0:49  Probe (Chrono Boost)  
  17  0:59  Probe (Chrono Boost)  
  18  1:11  Probe (Chrono Boost)  
  19  1:23  Probe (Chrono Boost)  
  20  1:30  Cybernetics Core  
  20  1:33  Probe (Chrono Boost)  
  20  1:37  Assimilator  
  21  1:42  Probe  
  22  1:53  Pylon  
  22  1:55  Probe  
  23  2:06  Nexus  
  23  2:11  Probe  
  24  2:23  Probe  
  24  2:25  Gateway  
  25  2:35  Probe  
  25  2:36  Shield Battery  
  26  3:02  Cybernetics Core  
  26  3:10  Probe  
  27  3:22  Probe  
  32  3:33  Pylon x2  
  32  3:55  Gateway x2  
  32  3:56  Shield Battery  
  32  3:57  Shield Battery  
  32  3:59  Shield Battery  
  32  4:03  Pylon  
  32  4:05  Probe  
  31  4:21  Forge  
  30  4:34  Probe  
  26  4:46  Probe  
  26  4:47  Cybernetics Core  
  27  4:55  Pylon  
  27  4:58  Probe  
  28  5:15  Adept x2 (Chrono Boost)  
  28  5:16  Gateway  
  28  5:18  Gateway  
  28  5:20  Gateway  
  32  5:23  Warp Gate  
  32  5:40  Adept  
  32  5:43  Pylon  
  32  5:55  Nexus  
  32  6:03  Probe  
  33  6:20  Probe (Chrono Boost)  
  33  6:23  Forge  
  34  6:32  Probe (Chrono Boost)  
  35  6:36  Probe (Chrono Boost)  
  35  6:37  Stargate  
  35  6:39  Stargate  
  36  7:05  Nexus  
  36  7:07  Pylon  
  36  7:09  Pylon  
  35  7:28  Void Ray (Chrono Boost)  
  37  7:39  Void Ray (Chrono Boost)  
  37  7:41  Photon Cannon  
  37  7:43  Photon Cannon  
  37  8:00  Photon Cannon  
  37  8:03  Photon Cannon  
  37  8:09  Photon Cannon  
Show
View Real Time Build Order
Export as new Build Order

Wolf Protoss 

Build Orders:  

Get SALT Encoding   

  12  0:01  Probe  
  13  0:13  Probe  
  14  0:21  Pylon  
  14  0:25  Probe  
  15  0:39  Probe (Chrono Boost)  
  15  0:41  Gateway  
  16  0:46  Assimilator  
  16  0:51  Probe (Chrono Boost)  
  17  0:58  Probe (Chrono Boost)  
  18  1:09  Gateway  
  18  1:10  Probe  
  19  1:22  Probe  
  20  1:30  Cybernetics Core  
  20  1:35  Probe  
  20  1:36  Zealot  
  20  1:37  Assimilator  
  23  1:45  Pylon  
  23  2:03  Probe  
  23  2:08  Stalker  
  26  2:12  Warp Gate  
  26  2:15  Stalker  
  28  2:34  Robotics Facility  
  28  2:42  Stalker  
  30  2:58  Pylon  
  30  3:12  Immortal  
  30  3:16  Stalker (Chrono Boost)  
  32  3:25  Stalker (Chrono Boost)  
  38  3:36  Pylon  
  38  3:41  Twilight Council  
  38  4:13  Immortal (Chrono Boost)  
  38  4:55  Stalker x2  
  34  5:21  Stalker x2  
  34  5:28  Pylon  
  36  5:44  Pylon  
  36  5:47  Sentry x2  
  40  5:59  Immortal (Chrono Boost)  
  44  6:06  Probe  
  45  6:12  Zealot x2  
  49  6:42  Nexus  
  49  6:50  Observer  
  50  7:02  Pylon  
  50  7:09  Charge  
  48  7:17  Gateway  
  32  7:36  Zealot x2  
  36  7:47  Gateway  
  36  7:49  Probe  
  37  7:57  Zealot x2  
  41  8:00  Probe (Chrono Boost)  
  41  8:02  Probe (Chrono Boost)  
  43  8:12  Probe x2 (Chrono Boost)  
  45  8:17  Probe x2 (Chrono Boost)  
  47  8:21  Zealot  
  47  8:23  Zealot  
  51  8:36  Probe x2  
  51  8:48  Probe  
Show
View Real Time Build Order
Export as new Build Order

NateDog Zerg 

Build Orders: Pool First 

Get SALT Encoding   

  12  0:02  Drone  
  13  0:10  Drone  
  14  0:16  Overlord  
  14  0:35  Drone x2  
  16  0:41  Drone  
  17  0:47  Spawning Pool  
  16  0:53  Drone  
  17  1:08  Drone  
  17  1:09  Drone  
  19  1:21  Drone  
  19  1:24  Hatchery  
  19  1:25  Extractor  
  19  1:29  Drone  
  19  1:38  Queen  
  21  1:55  Overlord  
  21  1:57  Overlord  
  21  2:04  Drone  
  22  2:16  Extractor  
  22  2:21  Drone  
  22  2:24  Drone  
  22  2:29  Lair  
  23  2:35  Drone  
  24  2:44  Queen  
  24  2:45  Drone  
  27  2:54  Overlord x2  
  27  2:55  Overlord x2  
  27  3:05  Drone x2  
  29  3:14  Evolution Chamber  
  29  3:17  Drone  
  29  3:28  Drone x2  
  31  3:46  Drone, Spire  
  31  3:54  Drone x2, Spire  
  32  3:58  Drone  
  32  3:59  Drone x2  
  35  4:03  Drone x2  
  35  4:08  Drone x2  
  39  4:14  Drone  
  39  4:15  Drone  
  41  4:28  Drone x2  
  43  4:58  Mutalisk x2  
  43  4:59  Mutalisk  
  49  5:03  Mutalisk  
  51  5:10  Extractor  
  51  5:12  Drone x3  
  53  5:15  Extractor  
  53  5:16  Drone x2  
  54  5:25  Mutalisk  
  56  5:49  Drone  
  57  5:51  Drone  
  58  5:59  Overlord x5  
  58  6:00  Overlord x2  
  58  6:02  Mutalisk x3  
  64  6:08  Mutalisk, Hatchery  
  65  6:23  Drone  
  66  6:30  Mutalisk x2  
  70  6:32  Overlord  
  70  6:33  Overlord x5  
  70  6:51  Zerg Flyer Weapons Level 1  
  70  6:52  Zerg Flyer Armor Level 1  
  70  7:07  Mutalisk x2  
  74  7:23  Drone x2  
  74  7:24  Drone x6  
  74  7:25  Drone x5  
  75  7:39  Mutalisk x3  
  75  7:43  Drone x2  
  83  7:54  Mutalisk x2  
  87  8:05  Extractor  
  86  8:07  Extractor  
  85  8:13  Infestation Pit  
  85  8:14  Mutalisk  
  86  8:34  Mutalisk x2  
Show
View Real Time Build Order
Export as new Build Order

SpamNRice Protoss 

Build Orders:  

Get SALT Encoding   

  12  0:01  Probe  
  13  0:13  Probe  
  14  0:21  Pylon  
  14  0:25  Probe  
  15  8:07  Assimilator  
  15  8:10  Assimilator  
  15  8:49  Probe  
Show
View Real Time Build Order
Export as new Build Order

MooCow Protoss 

Build Orders: 1 Gate Expand 

Get SALT Encoding   

  12  0:01  Probe  
  13  0:14  Probe  
  14  0:21  Pylon  
  14  0:26  Probe  
  15  0:39  Probe  
  16  0:44  Gateway  
  16  0:47  Gateway  
  16  0:51  Probe  
  16  0:53  Gateway  
  16  0:55  Pylon  
  17  1:03  Probe  
  18  1:04  Pylon  
  18  1:09  Assimilator  
  18  1:14  Assimilator  
  18  1:15  Probe  
  18  1:16  Nexus  
  19  1:21  Pylon  
  19  1:42  Zealot  
  19  1:44  Zealot  
  19  1:46  Zealot  
  25  1:53  Pylon  
  25  2:03  Probe  
  26  2:09  Zealot  
  26  2:15  Probe  
  29  2:19  Cybernetics Core  
  29  2:20  Zealot x2  
  33  2:27  Probe  
  34  2:36  Zealot  
  36  2:39  Probe  
  37  2:47  Zealot  
  37  2:50  Zealot  
  41  2:51  Probe  
  42  3:01  Pylon  
  42  3:03  Pylon, Zealot  
  42  3:05  Probe  
  45  3:09  Probe  
  46  3:14  Zealot  
  46  3:17  Probe  
  46  3:18  Zealot  
  51  3:21  Probe  
  51  3:22  Stargate  
  52  3:29  Probe  
  52  3:30  Zealot  
  52  3:33  Probe  
  57  3:41  Probe, Zealot  
  57  3:45  Probe, Zealot  
  62  3:53  Probe  
  63  3:57  Probe, Stalker  
  66  4:05  Probe  
  66  4:08  Stalker  
  70  4:10  Probe  
  70  4:12  Stalker  
  72  4:17  Probe  
  72  4:22  Probe  
  74  4:27  Stalker  
  74  4:29  Probe  
  61  4:38  Stalker  
  61  4:40  Stargate  
  61  4:41  Probe  
  61  4:42  Stalker  
  61  4:43  Stargate  
  58  4:46  Stargate  
  58  4:48  Stargate  
  52  4:53  Pylon  
  52  4:55  Assimilator  
  52  4:57  Stalker  
  52  5:00  Assimilator  
  52  5:07  Probe  
  52  5:08  Stalker  
  52  5:12  Stalker  
  57  5:14  Nexus  
  57  5:19  Probe  
  58  5:23  Pylon  
  58  5:26  Pylon  
  58  5:27  Stalker  
  60  5:28  Pylon  
  60  5:31  Probe  
  61  5:38  Stalker  
  61  5:42  Void Ray x3  
  75  5:43  Probe  
  76  5:55  Probe  
  77  6:02  Nexus  
  77  6:06  Void Ray  
  77  6:07  Probe, Void Ray  
  86  6:14  Pylon  
  86  6:20  Probe  
  87  6:26  Probe  
  88  6:33  Void Ray x2  
  88  6:36  Void Ray  
  88  6:38  Probe  
  101  6:43  Zealot  
  101  6:44  Zealot x2  
  107  6:50  Probe  
  108  6:56  Nexus  
  107  7:02  Probe  
  108  7:11  Void Ray x2, Zealot x3  
  108  7:14  Probe  
  123  7:16  Void Ray  
  127  7:26  Probe  
  127  7:36  Probe  
  128  7:38  Probe, Zealot x3  
  128  7:43  Void Ray x2  
  143  7:48  Probe  
  143  7:50  Probe  
  145  8:00  Probe  
  145  8:05  Zealot x3  
  152  8:11  Void Ray x2  
  152  8:12  Probe  
  161  8:19  Pylon  
  161  8:21  Pylon  
  161  8:24  Probe  
  166  8:29  Assimilator  
  166  8:32  Zealot  
  166  8:33  Assimilator  
Show
View Real Time Build Order
Export as new Build Order

TITAN Terran 

Build Orders: Mech 

Get SALT Encoding   

  12  0:02  SCV  
  13  0:14  SCV  
  14  0:23  Supply Depot  
  14  0:26  SCV  
  15  1:00  Barracks  
  15  1:02  Barracks, SCV  
  15  1:03  Barracks x2  
  16  1:05  Barracks  
  16  1:06  Barracks  
  16  1:15  SCV  
  17  1:27  SCV  
  18  1:36  Refinery  
  18  1:37  Refinery  
  18  1:39  SCV  
  19  1:45  Supply Depot  
  19  1:46  Supply Depot  
  19  1:47  Supply Depot  
  19  1:51  SCV  
  19  1:53  Marine  
  19  1:54  Marine x2  
  23  2:06  Marine x3  
  23  2:07  SCV  
  27  2:11  Marine x3  
  30  2:19  SCV  
  31  2:24  Marine x3  
  31  2:25  Factory  
  31  2:29  Marine x3  
  37  2:42  Marine x3  
  40  2:47  Marine  
  41  3:05  Marine x6  
  44  3:09  Orbital Command  
  44  3:10  Factory Tech Lab  
  45  3:22  Marine  
  45  3:23  Marine  
  47  3:41  Marine x6  
  53  3:49  Supply Depot  
  53  3:50  Supply Depot  
  53  3:55  Supply Depot  
  53  3:59  Marine x2  
  55  4:11  Marine x4, Siege Tank  
  62  4:17  Marine x2  
  64  4:29  Marine  
  65  4:31  Marine x3  
  65  4:35  Marine x2  
  70  4:46  Marine  
  70  4:49  Marine x3  
  73  4:52  Marine x2  
  74  5:04  Marine  
  73  5:07  Marine x3  
  73  5:10  Marine x2  
  62  5:22  Marine  
  62  5:25  Marine x3  
  62  5:28  Marine x2  
  61  5:40  Marine  
  61  5:42  Marine  
  62  5:43  Marine x2  
  62  5:46  Marine x2  
  67  5:58  Marine  
  67  6:00  Marine x3  
  71  6:15  Marine  
  72  6:21  SCV  
  72  6:24  Marine x5  
  78  6:33  SCV  
  78  6:35  Supply Depot  
  78  6:36  Supply Depot  
  78  6:37  Supply Depot x2  
  78  6:38  Factory  
  79  6:41  Factory  
  79  6:45  Refinery  
  79  6:56  Marine x6, SCV  
  82  7:09  Armory  
  82  7:14  Marine x6  
  86  7:17  Engineering Bay  
  58  7:30  Widow Mine x3  
  58  7:32  Marine  
  57  7:41  Marine x3  
  60  7:49  Marine  
  60  7:51  Missile Turret x2, Widow Mine  
  61  7:52  Widow Mine x2  
  61  7:53  Missile Turret x3  
  61  7:54  Missile Turret  
  61  7:56  Missile Turret  
  67  7:59  Marine x3  
  70  8:07  Marine  
  71  8:13  Missile Turret  
  71  8:17  Marine x3  
  71  8:19  Marine x2  
  76  8:25  Marine  
  77  8:34  Marine x2, Missile Turret  
  77  8:35  Marine  
  77  8:36  Marine  
  77  8:37  Marine  
  82  8:43  Marine  
  82  8:47  Factory Tech Lab x2  
  83  8:53  Missile Turret  
Show
View Real Time Build Order
Export as new Build Order

Kanibal Protoss 

Build Orders:  

Get SALT Encoding   

  12  0:03  Probe  
  13  0:15  Probe  
  14  0:27  Probe  
  15  1:26  Assimilator  
  15  1:30  Assimilator  
  15  1:37  Pylon  
  15  1:55  Probe  
  16  2:07  Probe  
  17  2:19  Probe  
  18  2:31  Probe  
  19  2:43  Probe  
  17  3:25  Probe  
  18  3:37  Probe  
  19  3:49  Probe  
Tags
 
Add a new tag
Caveats
  • Supply blocks, unpowered buildings, or Contaminate may cause inaccurate times.
  • Supply counts are checked every 10 seconds.